 Dungeon Crawl Stone Soup version 0.31-a0-986-g5e6e4ef867 (webtiles) character file.

Game seed: 6939274423681534547

419 Snarg the Shooter (level 7, -1/40 HPs)
             Began as a Kobold Hexslinger on Nov 13, 2023.
             Was an Initiate of Gozag.
             Slain by a black bear (4 damage)
             ... on level 4 of the Dungeon.
             The game lasted 00:22:59 (4434 turns).

Snarg the Shooter (Kobold Hexslinger)               Turns: 4434, Time: 00:23:03

Health: -1/40      AC:  3    Str:  5    XL:     7   Next: 16%
Magic:  9/9        EV: 16    Int: 16    God:    Gozag
Gold:   113        SH:  0    Dex: 18    Spells: 4/9 levels left

rFire   . . .        b - +0 dagger
rCold   + . .        (no shield)
rNeg    . . .        c - +0 robe
rPois   +            (no helmet)
rElec   .            g - +0 cloak
rCorr   .            (no gloves)
SInv    .            (no boots)
Will    .....        (no amulet)
Stlth   +++          t - ring of protection from cold
HPRegen 0.26/turn    n - ring of poison resistance
MPRegen 0.11/turn

%: no passive effects
@: weak-willed, hasted, very quick
A: small, no large weapons, nightstalker 3
a: Renounce Religion, Potion Petition, Call Merchant, Bribe Branch


You were on level 4 of the Dungeon.
You worshipped Gozag.
Gozag was aware of your devotion.
You visited 2 branches of the dungeon, and saw 5 of its levels.
You also visited: Sewer.

You collected 229 gold pieces.
You spent 44 gold pieces at shops.
You paid 72 gold pieces to Gozag.

Inventory:

Hand Weapons
 a - a +1 sling
 b - a +0 dagger (weapon)
 h - a +0 short sword
Missiles
 d - 5 poisoned darts
 i - 19 stones
 v - 5 datura-tipped darts
Armour
 c - a +0 robe (worn)
 f - a +0 leather armour
 g - a +0 cloak (worn)
 j - a +3 leather armour
Jewellery
 n - a ring of poison resistance (right hand)
 t - a ring of protection from cold (left hand)
Talismans
 o - a serpent talisman
 y - a flux talisman
Scrolls
 e - 2 scrolls of poison
 r - 3 scrolls of identify
 s - 4 scrolls of teleportation
 u - a scroll of fear
 w - 2 scrolls of amnesia {unknown}
 x - a scroll of revelation {unknown}
Potions
 k - a potion of mutation
 l - a potion of cancellation
 p - a potion of might
 q - 3 potions of enlightenment


   Skills:
 - Level 2.0 Fighting
 + Level 1.0 Short Blades
 + Level 5.8 Ranged Weapons
 + Level 0.1 Throwing
 * Level 3.6 Dodging
 + Level 3.0 Stealth
 + Level 1.7 Spellcasting
 * Level 4.8 Hexes
 + Level 1.0 Fire Magic


You had 4 spell levels left.
You knew the following spells:

 Your Spells              Type           Power      Damage    Failure   Level
a - Jinxbite              Hex            32%        N/A       4%          2
b - Sigil of Binding      Hex            16%        N/A       9%          3

Your spell library contained the following spells:

 Spells                   Type           Power      Damage    Failure   Level
 Inner Flame              Hex/Fire       10%        N/A       19%         3
 Cause Fear               Hex            8%         N/A       28%         4
 Anguish                  Hex/Necr       4%         N/A       61%         4
 Dimensional Bullseye     Hex/Tloc       4%         N/A       61%         4
 Enfeeble                 Hex            8%         N/A       100%        7


Dungeon Overview and Level Annotations

Branches:
Dungeon (4/15)             Temple (1/1) D:4           Sewer (visited)

Altars:
Ashenzari
Cheibriados
Dithmenos
Elyvilon
Fedhas
Gozag
Hepliaklqana
Kikubaaqudgha
Makhleb
Okawaru
Qazlal
Ru
Sif Muna
Trog
Uskayaw
Vehumet
Wu Jian
Xom
Yredelemnul
Zin
The Shining One

Shops:
D:2 !

Annotations:
D:1 clr
D:2 clr
D:3 clr
D:4 1 transporter, Blork the orc


Innate Abilities, Weirdness & Mutations

You are small and have problems with some larger weapons.
You are completely attuned to the shadows.


Message History

The black bear closely misses you. The black bear barely misses you.
The black bear claws you.
You hit the black bear but do no damage.
The black bear is almost dead.
The black bear misses you. The black bear claws you. x2
The black bear bites you! The black bear misses you. The black bear claws you.
You hit the black bear.
The black bear is almost dead.
The black bear misses you. The black bear completely misses you.
The black bear closely misses you.
You hit the black bear.
The black bear is almost dead.
The black bear bites you.
* * * LOW HITPOINT WARNING * * *
The black bear claws you.
* * * LOW HITPOINT WARNING * * *
The black bear claws you.
* * * LOW HITPOINT WARNING * * *
The black bear closely misses you. The black bear claws you.
* * * LOW HITPOINT WARNING * * *
The black bear closely misses you.
You feel better. The black bear bites you.
* * * LOW HITPOINT WARNING * * *
The black bear closely misses you. The black bear barely misses you.
Okay, then.
Unknown command.
Level annotation: 1 transporter, Blork the orc Welcome back, Snarg the Kobold Hexslinger.
Gozag says: Greed is good.
Press ? for a list of commands and other information.
Unknown command.
Unknown command.
Unknown command.
It was a potion of haste.
You feel yourself speed up. The black bear misses you.
The black bear completely misses you.
The black bear claws you but does no damage.
The black bear misses you. The black bear closely misses you.
The black bear claws you.
You die...
Your body crumbles into a pile of gold.

#...#..# #.##. #.#..... .(.
. #.# .### ..##.###..# ..
#.....##..######..#
###.#.......##.....
#.........##.....
##....h.##......#
#.....@##......#
#....######..### #....###
#..### #.##..# ###..#
############.##..######..###
............<......##......#
###########.#......##......#
#......##......##.
#.#....##......#


You could see a black bear (berserk).

Vanquished Creatures
  2 scorpions
  A hound (D:4)
  Jessica (D:2)
  An iguana (D:4)
  8 adders
  4 river rats
  8 worms
  A dart slug (D:1)
  An orc (D:3)
  8 endoplasms
  2 giant cockroaches (Sewer)
  7 goblins
  4 hobgoblins
  4 jackals
  3 quokkas
  13 ball pythons
  6 bats
  3 frilled lizards
  5 kobolds
  5 rats
87 creatures vanquished.

Vanquished Creatures (collateral kills)
  A river rat (Sewer)
  An adder (Sewer)
2 creatures vanquished.

Grand Total: 89 creatures vanquished

Notes
Turn   | Place    | Note
-------+----------+-------------------------------------------
     0 | D:1      | Snarg the Kobold Hexslinger began the quest for the Orb.
     0 | D:1      | Reached XP level 1. HP: 12/12 MP: 2/2
    43 | D:1      | Reached skill level 3 in Ranged Weapons
   111 | D:1      | Reached XP level 2. HP: 16/16 MP: 3/3
   114 | D:1      | Learned a level 2 spell: Jinxbite
   868 | D:2      | Reached XP level 3. HP: 20/20 MP: 4/4
   983 | D:2      | Reached skill level 1 in Stealth
  1124 | D:2      | Found Bosuor's Distillery.
  1129 | D:2      | Bought a potion of curing for 33 gold pieces
  1129 | D:2      | Bought a potion of degeneration for 11 gold pieces
  1216 | D:2      | Noticed Jessica
  1222 | D:2      | Killed Jessica
  1223 | D:2      | Reached skill level 4 in Ranged Weapons
  1223 | D:2      | Reached XP level 4. HP: 25/25 MP: 2/5
  1228 | D:2      | Learned a level 3 spell: Sigil of Binding
  2130 | D:3      | Noticed a scorpion
  2137 | D:3      | Killed a scorpion
  2138 | D:3      | Reached skill level 1 in Short Blades
  2138 | D:3      | Reached XP level 5. HP: 17/30 MP: 3/6
  2905 | D:4      | Found a hide-covered altar of Uskayaw.
  2906 | D:4      | Found a bloodstained altar of Trog.
  2914 | D:4      | Found an iron altar of Okawaru.
  2916 | D:4      | Found an opulent altar of Gozag.
  2936 | D:4      | Noticed Blork the orc
  2947 | D:4      | Reached XP level 6. HP: 35/35 MP: 4/7
  3010 | D:4      | Found a glowing drain.
  3016 | Sewer    | Entered a sewer
  3204 | Sewer    | Reached skill level 5 in Ranged Weapons
  4195 | D:4      | Found a staircase to the Ecumenical Temple.
  4204 | D:4      | Noticed a black bear
  4256 | D:4      | Reached XP level 7. HP: 40/40 MP: 9/9
  4285 | Temple   | Entered the Ecumenical Temple
  4315 | D:4      | Became a worshipper of Gozag Ym Sagoz the Greedy
  4331 | D:4      | Found a transporter.
  4434 | D:4      | Slain by a black bear

Illustrated notes

Levels and vault maps discovered:
D:1:      mrwooster_arrival_statue_3, layout_loops_ring
D:2:      layout_loops_ring, serial_shops, shop, minmay_pentomino_r2,
          uniq_jessica
D:3:      layout_loops_ring
D:4:      layout_rooms, nicolae_overflow_quartered_altars,
          minmay_temple_entry_slanted, lightli_sewer_entry_pipes, serial_shops,
          nicolae_shop_drivethru, nicolae_houndstooth_variations,
          uniq_blork_the_orc
Temple:   bh_familiar_temple

Skill      XL: |  1  2  3  4  5  6 |
---------------+-------------------+-----
Ranged Weapons | 3 4 5 |  5.8
Stealth        | 2 3 |  3.0
Dodging        | 3 |  3.6
Short Blades   | 1 |  1.0
Hexes          | 4 |  4.8
Fighting       | 2 |  2.0
Throwing       | |  0.1
Spellcasting   | |  1.7
Fire Magic     | |  1.0

Action                     |  1- 3 |  4- 6 |  7- 9 || total
---------------------------+-------+-------+-------++-------
  Melee: Short sword       |     8 |       |       ||     8
         Dagger            |    24 |    45 |    16 ||    85
         Unarmed           |       |     3 |       ||     3
         Constrict         |       |     1 |       ||     1
   Fire: Sling             |    33 |   134 |       ||   167
  Throw: Dart              |       |     4 |     4 ||     8
   Cast: Jinxbite          |     7 |    20 |     2 ||    29
    Use: Scroll            |       |     6 |       ||     6
         Potion            |       |     3 |     2 ||     5
   Stab: Sleeping          |     4 |     6 |       ||    10
 Armour: Robe              |    17 |    46 |    23 ||    86
  Dodge: Dodged            |    41 |    76 |    50 ||   167
         Form:             |       |     1 |       ||     1
         Anaconda          |       |     1 |       ||     1

Table legend: (Time is in decaauts)
 A = Elapsed time spent in this place.
 B = Non-inter-level travel time spent in this place.
 C = Inter-level travel time spent in this place.
 D = Time resting spent in this place.
 E = Time spent auto-exploring this place.
 F = Levels seen in this place.
 G = Mean time per level.
                   A        B        C        D        E       F      G
               +--------+--------+--------+--------+--------+-----+--------+
         Total |   4735 |   4584 |    151 |    259 |   2562 |   6 |  789.2 |
       Dungeon |   3567 |   3417 |    150 |    190 |   2443 |   4 |  891.8 |
        Temple |      3 |      2 |      1 |      0 |      0 |   1 |    3.0 |
         Sewer |   1164 |   1164 |      0 |     69 |    119 |   1 | 1164.0 |
               +--------+--------+--------+--------+--------+-----+--------+

Top non-repeatable levels by time:
   Sewer: 1164 daAuts
     D:3: 1066 daAuts
     D:2: 978 daAuts
     D:1: 848 daAuts
     D:4: 674 daAuts
  Temple: 3 daAuts
